 Dungeon Crawl Stone Soup version 0.28-a0-43-g560ac104fe (webtiles) character file.

Game seed: 2141924022118781144

19 DasRunzen the Chopper (level 2, 0/19 HPs)
             Began as a Tengu Berserker on July 28, 2021.
             Was a Follower of Trog.
             Killed from afar by a dart slug (6 damage)
             ... with a slug dart
             ... on level 1 of the Dungeon.
             The game lasted 00:00:44 (663 turns).

DasRunzen the Chopper (Tengu Berserker)              Turns: 663, Time: 00:00:44

Health: 0/19       AC:  2    Str: 17    XL:     2   Next: 75%
Magic:  3/3        EV: 12    Int:  7    God:    Trog [*.....]
Gold:   10         SH:  0    Dex: 13    Spells: 1/1 levels left

rFire   . . .      SeeInvis .   a - +0 hand axe
rCold   . . .      Faith    .   (no shield)
rNeg    . . .      Spirit   .   b - +0 animal skin
rPois   .          Reflect  .   (helmet restricted)
rElec   .          Harm     .   (no cloak)
rCorr   .          Rampage  .   (no gloves)
Will    .....                   (boots unavailable)
Stlth   +.........              (no amulet)
HPRegen 0.06/turn               (no ring)
MPRegen 0.08/turn               (no ring)

@: no status effects
A: beak, talons 3
a: Renounce Religion, Berserk


You were on level 1 of the Dungeon.
You worshipped Trog.
Trog was aware of your devotion.
You visited 1 branch of the dungeon, and saw 2 of its levels.

You collected 10 gold pieces.

Inventory:

Hand Weapons
 a - a +0 hand axe (weapon)
Armour
 b - a +0 animal skin (worn)
Scrolls
 c - a scroll of fear {unknown}


   Skills:
 + Level 3.2 Fighting
 + Level 3.5 Axes
 + Level 2.6 Armour
 + Level 2.5 Dodging


You had one spell level left.
You didn't know any spells.
Your spell library was empty.

Dungeon Overview and Level Annotations

Branches:
Dungeon (2/15)

Altars:


Innate Abilities, Weirdness & Mutations

You have a beak for a mouth.
You have claws for feet.


Message History

The giant cockroach bites you but does no damage.
You hit the giant cockroach. Your kick misses the giant cockroach.
Your peck misses the giant cockroach.
The giant cockroach is almost dead.
You hit the hobgoblin. The giant cockroach closely misses you.
The hobgoblin hits you. The giant cockroach bites you.
The hobgoblin closely misses you.
You slash the giant cockroach!
You kill the giant cockroach!
Trog accepts your kill.
You hit the hobgoblin but do no damage. The hobgoblin closely misses you.
You hit the hobgoblin. Your kick misses the hobgoblin.
The hobgoblin is moderately wounded.
You closely miss the ball python. The ball python barely misses you.
The ball python grabs you. The ball python constricts you.
The ball python bites you. The ball python constricts you.
The hobgoblin hits you.
* * * LOW HITPOINT WARNING * * *
You escape the ball python's grasp.
You slash the hobgoblin!
You kill the hobgoblin!
Trog accepts your kill.
You barely miss the ball python. You claw the ball python.
You kill the ball python!
Trog accepts your kill. The dart slug launches a dart at you.
The slug dart misses you.
You slash the dart slug!
The dart slug is severely wounded.
The dart slug barely misses you.
You hit the dart slug. You claw the dart slug. You peck the dart slug.
You kill the dart slug!
Trog accepts your kill.
You start resting.
A dart slug comes into view.
Things that are here:
a +0 dagger; a quokka corpse The dart slug launches a dart at you.
The slug dart hits you.
You die...

###############
...............
.......######## .......#
####
.).....###########...#.#
.......'.........†..>...
.......#########@#...#.
.......# #)# .# ..######
#...........+ ..###
#....$......# ......
#.............. #####.
#.........w....
#.......#...... .#
####....#...... .#
.....+......


You could see a dart slug.

Vanquished Creatures
  A dart slug (D:1)
  2 bats (D:1)
  3 endoplasms (D:1)
  A giant cockroach (D:1)
  2 hobgoblins (D:1)
  2 kobolds (D:1)
  A quokka (D:1)
  A ball python (D:1)
  2 rats (D:1)
15 creatures vanquished.

Notes
Turn   | Place    | Note
-------+----------+-------------------------------------------
     0 | D:1      | DasRunzen the Tengu Berserker began the quest for the Orb.
     0 | D:1      | Reached XP level 1. HP: 14/14 MP: 2/2
   125 | D:1      | You fall into a shaft and drop 1 floor!
   302 | D:1      | Reached XP level 2. HP: 17/19 MP: 3/3
   663 | D:1      | Killed from afar by a dart slug

Illustrated notes

Levels and vault maps discovered:
D:1:      dpeg_arrival_oval, layout_basic
D:2:      layout_rooms, serial_co_window_serial, co_window_cross_1,
          co_window_paths_b, co_window_paths_b, co_window_cross_1,
          co_window_cross_1, co_window_of_opportunity_b, co_window_broadway_b,
          co_window_of_opportunity_c, co_window_of_opportunity_b,
          co_window_cross_2, co_window_corner_cb, co_window_unsneaky_path_a,
          glass_columns_b, glass_columns_c, glass_columns_b, glass_columns_a,
          glass_columns_a, minivault_5, minmay_cupped

Action                   || total
-------------------------++-------
Melee: Hand axe          ||    34
       Kick              ||     5
       Peck              ||     3
 Stab: Sleeping          ||     1
Armor: Animal skin       ||     6
Dodge: Dodged            ||    18

Table legend: (Time is in decaauts)
 A = Elapsed time spent in this place.
 B = Non-inter-level travel time spent in this place.
 C = Inter-level travel time spent in this place.
 D = Time resting spent in this place.
 E = Time spent auto-exploring this place.
 F = Levels seen in this place.
 G = Mean time per level.
                   A        B        C        D        E       F      G
               +--------+--------+--------+--------+--------+-----+--------+
         Total |    667 |    667 |      0 |      8 |    580 |   2 |  333.5 |
       Dungeon |    667 |    667 |      0 |      8 |    580 |   2 |  333.5 |
               +--------+--------+--------+--------+--------+-----+--------+

Top non-repeatable levels by time:
     D:1: 659 daAuts
     D:2: 7 daAuts
